Map: Prion Terraces

Players

Cole - Winner!

  • Race: Zerg Zerg
  • League: Platinum

Gonzy

  • Race: Protoss Protoss
  • League: Platinum

VOD

Have the link to the VOD?

Description

Time

  • Played on: April 8, 2016, 2:50 p.m.
  • Length: 5:39
Show
View Real Time Build Order
Export as new Build Order

Cole Zerg - Winner!

Build Orders: 3 Hatch before Pool 

Get SALT Encoding   

  12  0:01  Drone  
  13  0:13  Overlord  
  13  0:18  Drone  
  14  0:26  Extractor  
  14  0:27  Drone  
  15  0:32  Drone  
  16  0:38  Drone  
  17  0:55  Hatchery  
  16  0:57  Drone  
  16  1:00  Drone  
  18  1:22  Hatchery  
  18  1:25  Drone  
  18  1:38  Spawning Pool  
  18  1:39  Drone  
  18  1:45  Overlord  
  18  1:57  Extractor, Drone x2  
  19  2:02  Drone  
  20  2:09  Drone  
  20  2:14  Drone  
  22  2:22  Drone  
  23  2:26  Queen  
  23  2:27  Roach Warren  
  24  2:34  Queen  
  26  2:44  Drone x4  
  29  2:50  Overlord  
  30  2:54  Drone  
  30  2:55  Drone  
  32  3:10  Roach x3  
  32  3:11  Roach  
  40  3:16  Roach  
  40  3:17  Roach  
  44  3:22  Overlord  
  44  3:27  Zergling x8  
  48  3:35  Overlord  
  48  3:39  Zergling x4  
  50  3:44  Zergling x4  
  52  3:51  Roach x2  
  56  3:58  Zergling x8  
  56  3:59  Zergling x4  
  62  4:09  Roach x2  
  65  4:28  Zergling x2  
  65  4:30  Overlord  
  65  4:31  Overlord x3  
  64  4:49  Zergling x2  
  64  4:50  Zergling x16  
  70  4:59  Zergling x4  
  62  5:20  Zergling x2  
  62  5:21  Zergling x10  
Show
View Real Time Build Order
Export as new Build Order

Gonzy Protoss 

Build Orders: 1 Gate Expand 

Get SALT Encoding   

  12  0:00  Probe (Chrono Boost)  
  13  0:11  Probe (Chrono Boost)  
  14  0:29  Probe (Chrono Boost), Pylon  
  15  0:47  Probe (Chrono Boost)  
  16  0:51  Gateway  
  16  0:58  Probe (Chrono Boost)  
  17  1:19  Nexus  
  17  1:40  Cybernetics Core  
  17  1:42  Probe (Chrono Boost)  
  17  1:45  Assimilator  
  18  1:52  Probe (Chrono Boost)  
  19  2:03  Probe (Chrono Boost)  
  20  2:24  Assimilator  
  20  2:25  Probe (Chrono Boost)  
  20  2:26  Pylon  
  20  2:27  Zealot  
  23  2:30  Forge  
  23  2:31  Pylon  
  23  2:35  Probe (Chrono Boost)  
  24  2:39  Probe (Chrono Boost)  
  24  2:43  Warp Gate (Chrono Boost)  
  25  2:44  Probe (Chrono Boost)  
  26  2:57  Probe  
  26  2:59  Probe, Assimilator  
  28  3:07  Probe  
  28  3:08  Stalker  
  28  3:11  Probe  
  32  3:18  Probe  
  33  3:21  Robotics Facility  
  33  3:23  Probe  
  34  3:28  Probe  
  35  3:35  Probe  
  35  3:39  Probe  
  37  3:54  Twilight Council  
  37  3:55  Gateway  
  37  3:57  Gateway  
  37  3:59  Gateway  
  37  4:00  Pylon  
  37  4:02  Probe  
  37  4:03  Pylon  
  38  4:12  Immortal (Chrono Boost)  
  40  4:25  Mothership Core  
  29  4:58  Zealot x3  
  18  5:27  Zealot  
  18  5:28  Zealot x2  
Tags
 
Add a new tag
Caveats
  • Supply blocks, unpowered buildings, or Contaminate may cause inaccurate times.
  • Supply counts are checked every 10 seconds.